 Dungeon Sprint DCSS version 0.17-a0-2055-gb4e23be (webtiles) character file.

43012 Kidiri the Tortoise (level 14, 0/96 HPs)
             Began as a Gargoyle Fighter on Oct 11, 2015.
             Was a High Priest of Okawaru.
             Slain by an entropy weaver (7 damage)
             ... in the Dungeon (Sprint IX: "|||||||||||||||||||||||||||||").
             The game lasted 00:16:04 (3235 turns).

Kidiri the Tortoise (Gargoyle Fighter)              Turns: 3235, Time: 00:16:05

Health: 0/96       AC:  7    Str: 22      XL:     14   Next: 22%
Magic:  5/26       EV: 17    Int:  8      God:    Okawaru [*****.]
Gold:   1528       SH: 17    Dex: 12 (13) Spells: 0 memorised, 13 levels left

rFire  . . .     SeeInvis .     K - +9 eveningstar
rCold  + . .     Clarity  .     G - +7 plate armour {ponderous}
rNeg   + . .     SustAt   .     c - +0 shield
rPois  ∞         Gourm    .     (no helmet)
rElec  +         Spirit   .     a - +2 cloak
rCorr  .         Warding  .     E - +1 pair of gloves
rMut   .         NoTele   +     s - +1 pair of boots
MR     +....                    (no amulet)
Stlth  ..........               u - +2 ring of evasion
                                b - +3 ring of dexterity

@: heroism, corroded equipment, very slightly contaminated, hasted, very quick,
somewhat resistant to hostile enchantments, extremely unstealthy
A: big wings, claws 1, rough black scales 1, blurry vision 2, cold resistance 1,
deterioration 1, high mp 1, negative energy resistance 1, electricity
resistance, weak 1, unbreathing, petrification resistance, rot immunity, AC +9
a: Fly, Heroism, Finesse, Renounce Religion


You were in the Dungeon.
You worshipped Okawaru.
Okawaru was extremely pleased with you.
You were not hungry.

You visited 1 branch You collected 1924 gold pieces.
You spent 396 gold pieces at shops.

Inventory:

Hand Weapons
 z - the +9 morningstar "Fygo" {venom, +Fly rElec rN+++ MR-}
   (Okawaru gifted it to you in the Dungeon)

   It poisons the flesh of those it strikes.
   It insulates you from electricity.
   It renders you almost immune to negative energy.
   It affects your resistance to hostile enchantments.
   It lets you fly.
 K - a +9 eveningstar (weapon)
Missiles
 x - 7 silver tomahawks
 L - 7 tomahawks (quivered)
Armour
 a - a +2 cloak (worn)
 c - a +0 shield (worn)
 s - a +1 pair of boots (worn)
 t - a +2 shield of protection
 E - a +1 pair of gloves (worn)
 G - a +7 plate armour of ponderousness (worn)
Jewellery
 b - a +3 ring of dexterity (left hand)
 l - an uncursed ring of protection from cold
 u - a +2 ring of evasion (right hand)
 I - an uncursed ring of protection from cold
 J - an uncursed ring of see invisible
Wands
 q - a wand of cold (5)
 r - a wand of polymorph (6)
Scrolls
 k - 4 scrolls of blinking
 o - 4 scrolls of remove curse
 p - 2 scrolls of amnesia
 w - a scroll of fear
 y - a scroll of recharging
 A - 2 scrolls of identify
Potions
 d - a potion of might
 e - 2 potions of resistance
 f - 8 potions of curing
 h - a potion of haste
 i - 4 potions of magic
 j - a potion of berserk rage
 n - a potion of invisibility
 B - a potion of agility
 F - a potion of cure mutation
Comestibles
 v - 12 bread rations
 C - 40 fruits
 D - 12 meat rations


   Skills:
 + Level 14.4(19.4) Fighting
 * Level 17.6(22.6) Maces & Flails
 * Level 19.0(24.0) Armour
 + Level 11.3(16.3) Dodging
 * Level 19.0(24.0) Shields
 + Level 14.0 Invocations


You had 13 spell levels left.
You didn't know any spells.

Dungeon Overview and Level Annotations

Branches:
Dungeon (1/1)

Altars:
Cheibriados
Dithmenos
Elyvilon
Fedhas
Gozag
Kikubaaqudgha
Makhleb
Nemelex Xobeh
Okawaru
Qazlal
Ru
Sif Muna
Trog
Vehumet
Xom
Yredelemnul
Zin
The Shining One
Beogh
Jiyva
Lugonu

Shops:
D }??[


Innate Abilities, Weirdness & Mutations

You are resistant to torment.
Your stone body is resilient (AC +9).
You are immune to poison.
Your large and strong wings let you fly indefinitely.
You resist negative energy.
You are resistant to electric shocks.
You can survive without breathing.
You are immune to petrification.
You are immune to rotting.
You have sharp fingernails.
You are partially covered in rough black scales (AC +4, Dex -1).
Scrolls take you longer to read.
Your flesh is cold resistant.
Your body sometimes deteriorates upon taking damage.
You have an increased reservoir of magic (+10% MP).
You are weak. (Str -2)


Message History

The entropy weaver barely misses you. You block the entropy weaver's attack.
Drink which item? (? for menu, Esc to quit)
You don't have any such object.
Drink which item? (? for menu, Esc to quit)
Okay, then.
Drink which item? (? for menu, Esc to quit)
You feel yourself speed up. You block the entropy weaver's attack.
The entropy weaver hits you!
* * * LOW HITPOINT WARNING * * *
Your body deteriorates!
You feel clumsy. The entropy weaver hits you.
* * * LOW HITPOINT WARNING * * *
The entropy weaver misses you.
You are very lightly contaminated with residual magic.
You hit the entropy weaver.
The entropy weaver is moderately wounded.
The entropy weaver hits you but does no damage.
The entropy weaver barely misses you. You block the entropy weaver's attack.
The entropy weaver hits you!
You die...

....................▓
▓▓▓▓▓▓▓▓▓▓▓▓▓▓▓▓▓▓▓.▓
)))))....='.........▓
▓▓▓▓▓▓▓▓▓▓▓▓▓▓▓▓▓▓▓▓▓
....................▓
▓▓▓▓▓▓▓▓▓▓▓▓▓▓▓▓▓▓▓.▓
...('...............▓
▓▓▓▓▓▓▓▓▓▓▓▓▓▓▓▓▓▓▓▓▓
...............)@pp.▓
▓▓▓▓▓▓▓▓▓▓▓▓▓▓▓▓▓▓▓.▓
C[†.........p.hi.D..▓
▓▓▓▓▓▓▓▓▓▓▓▓▓▓▓▓▓▓▓▓▓


You could see 2 entropy weavers.

Vanquished Creatures
  Frederick (D)
  A frost giant (D)
  A greater naga (D)
  A fire giant (D)
  A ghost moth (D)
  3 very ugly things (D)
  A fire dragon (D)
  An ettin (D)
  2 entropy weavers (D)
  A ghost crab (D)
  An ice dragon (D)
  4 hydras (D)
  A deep troll earth mage (D)
  An ogre mage (D)
  A satyr (D)
  A death yak (D)
  A vampire mage (D)
  A naga sharpshooter (D)
  A spriggan berserker (D)
  Sonja (D)
  A sea snake (D)
  A spriggan druid (D)
  A naga ritualist (D)
  3 harpies (D)
  4 orc knights (D)
  3 ugly things (D)
  A cyclops (D)
  8 elephants (D)
  7 orc sorcerers (D)
  3 spiny frogs (D)
  2 naga magi (D)
  2 black mambas (D)
  Psyche (D)
  A guardian serpent (D)
  A demonic crawler (D)
  A merfolk (D)
  A komodo dragon (D)
  A fire drake (D)
  A jumping spider (D)
  A two-headed ogre (D)
  A blink frog (D)
  A boulder beetle (shapeshifter) (D)
  A shadow (D)
  2 snapping turtles (D)
  A redback (D)
  A trapdoor spider (D)
  A tarantella (D)
  A yak (D)
  A deep elf mage (D)
  2 hippogriffs (D)
  A hungry ghost (D)
  A naga (D)
  A soldier ant (D)
  2 porcupines (D)
  A sky beast (D)
  7 orc warriors (D)
  A wasp (D)
  3 crocodiles (D)
  An ogre (D)
  A scorpion (D)
  4 giant frogs (D)
  4 orc priests (D)
  8 orc wizards (D)
  An iguana (D)
  A sheep (D)
  2 adders (D)
  A gnoll (D)
  A shadow imp (D)
  12 orcs (D)
  A bat (D)
  A bat zombie (D)
  A giant cockroach (D)
  2 goblins (D)
  A kobold (D)
  A quokka zombie (D)
  A rat (D)
143 creatures vanquished.

Vanquished Creatures (others)
  A fire dragon (D)
  A hydra (D)
  A spriggan druid (D)
  A spiny frog (D)
  A wasp (D)
5 creatures vanquished.

Grand Total: 148 creatures vanquished

Notes
Turn   | Place    | Note
--------------------------------------------------------------
     0 | D        | Kidiri the Gargoyle Fighter began the quest for the Orb.
     0 | D        | Reached XP level 1. HP: 14/14 MP: 1/1
    16 | D        | Reached skill level 1 in Dodging
    48 | D        | Reached skill level 4 in Shields
    48 | D        | Reached XP level 2. HP: 16/19 MP: 2/2
    77 | D        | Found a glowing silver altar of Zin.
    77 | D        | Found a glowing golden altar of the Shining One.
    77 | D        | Found an ancient bone altar of Kikubaaqudgha.
    77 | D        | Found a basalt altar of Yredelemnul.
    77 | D        | Found a shimmering altar of Xom.
    77 | D        | Found a radiant altar of Vehumet.
    78 | D        | Found an iron altar of Okawaru.
    79 | D        | Found a burning altar of Makhleb.
    80 | D        | Found a deep blue altar of Sif Muna.
    81 | D        | Found a bloodstained altar of Trog.
    82 | D        | Found a sparkling altar of Nemelex Xobeh.
    83 | D        | Found a white marble altar of Elyvilon.
    84 | D        | Found a roughly hewn altar of Beogh.
    85 | D        | Found a viscous altar of Jiyva.
    86 | D        | Became a worshipper of Warmaster Okawaru
    87 | D        | Found a corrupted altar of Lugonu.
    88 | D        | Found a blossoming altar of Fedhas.
    89 | D        | Found a snail-covered altar of Cheibriados.
    90 | D        | Found a shadowy altar of Dithmenos.
    91 | D        | Found a stormy altar of Qazlal.
    92 | D        | Found an opulent altar of Gozag.
    93 | D        | Found a sacrificial altar of Ru.
   246 | D        | Noticed an ogre
   246 | D        | Noticed a hungry ghost
   246 | D        | Noticed a deep elf mage
   254 | D        | Reached XP level 3. HP: 21/24 MP: 3/3
   255 | D        | HP: 1/24 [deep elf mage/lance of force (20)]
   267 | D        | Killed a deep elf mage
   267 | D        | Acquired Okawaru's first power
   267 | D        | Reached skill level 5 in Fighting
   267 | D        | Reached skill level 5 in Maces & Flails
   267 | D        | Reached skill level 6 in Armour
   267 | D        | Reached XP level 4. HP: 16/31 MP: 3/6
   267 | D        | Reached XP level 5. HP: 18/35 MP: 3/7
   288 | D        | Killed a hungry ghost
   288 | D        | Reached skill level 7 in Armour
   288 | D        | Reached XP level 6. HP: 22/41 MP: 3/9
   289 | D        | Killed an ogre
   289 | D        | Reached skill level 8 in Armour
   489 | D        | Noticed a giant frog
   489 | D        | Noticed a cyclops
   489 | D        | Noticed a scorpion
   489 | D        | Noticed a yak
   489 | D        | Noticed a crocodile
   494 | D        | Killed a crocodile
   494 | D        | Reached XP level 7. HP: 45/47 MP: 7/10
   504 | D        | Killed a yak
   504 | D        | Reached skill level 5 in Invocations
   510 | D        | Killed a scorpion
   510 | D        | Reached skill level 9 in Armour
   517 | D        | Killed a cyclops
   517 | D        | Reached XP level 8. HP: 35/53 MP: 9/12
   523 | D        | Killed a giant frog
   523 | D        | Reached skill level 5 in Dodging
   736 | D        | Noticed a crocodile
   736 | D        | Noticed a five-headed hydra
   736 | D        | Noticed a spiny frog
   736 | D        | Noticed a hippogriff
   736 | D        | Noticed an iguana
   737 | D        | Killed an iguana
   738 | D        | Noticed a fire drake
   741 | D        | Noticed a spiny frog
   742 | D        | Noticed a crocodile
   748 | D        | Killed a five-headed hydra
   748 | D        | Reached skill level 10 in Armour
   748 | D        | Reached skill level 10 in Shields
   748 | D        | Reached XP level 9. HP: 56/59 MP: 11/14
   749 | D        | Killed a hippogriff
   754 | D        | Killed a spiny frog
   754 | D        | Acquired Okawaru's second power
   754 | D        | Reached skill level 11 in Armour
   759 | D        | Killed a crocodile
   759 | D        | Reached skill level 10 in Maces & Flails
   763 | D        | Killed a fire drake
   777 | D        | Killed a spiny frog
   782 | D        | Killed a crocodile
   838 | D        | Noticed a spiny frog
   838 | D        | Noticed a giant frog
   838 | D        | Noticed a porcupine
   838 | D        | Noticed a giant frog
   838 | D        | Noticed a death yak
   838 | D        | Noticed a porcupine
   840 | D        | Killed a porcupine
   841 | D        | Noticed a giant frog
   842 | D        | Noticed a blink frog
   849 | D        | Killed a death yak
   849 | D        | Reached skill level 12 in Armour
   849 | D        | Reached XP level 10. HP: 66/66 MP: 8/16
   850 | D        | Noticed a hippogriff
   851 | D        | Killed a giant frog
   853 | D        | Killed a porcupine
   859 | D        | Killed a spiny frog
   862 | D        | Killed a giant frog
   865 | D        | Killed a giant frog
   871 | D        | Killed a hippogriff
   878 | D        | Killed a blink frog
   924 | D        | Noticed an elephant
   924 | D        | Noticed an elephant
   924 | D        | Noticed an elephant
   924 | D        | Noticed an elephant
   924 | D        | Noticed an elephant
   924 | D        | Noticed an elephant
   932 | D        | Killed an elephant
   940 | D        | Killed an elephant
   946 | D        | Killed an elephant
   946 | D        | Received a gift from Okawaru
   946 | D        | Reached skill level 13 in Armour
   951 | D        | Noticed an elephant
   953 | D        | Killed an elephant
   954 | D        | Noticed an elephant
   960 | D        | Killed an elephant
   960 | D        | Reached skill level 10 in Fighting
   974 | D        | Killed an elephant
   984 | D        | Killed an elephant
   984 | D        | Received a gift from Okawaru
   984 | D        | Reached XP level 11. HP: 65/72 MP: 18/18
   985 | D        | Got a twisted morningstar {god gift}
   986 | D        | Identified the +9 morningstar "Fygo" {venom, +Fly rElec rN+++ MR-} (Okawaru gifted it to you in the Dungeon)
   991 | D        | Killed an elephant
  1069 | D        | Noticed Sonja
  1081 | D        | Killed Sonja
  1127 | D        | Noticed Psyche
  1144 | D        | Killed Psyche
  1171 | D        | Noticed an orc priest
  1171 | D        | Noticed an orc priest
  1176 | D        | Killed an orc priest
  1177 | D        | Noticed an orc priest
  1180 | D        | Killed an orc priest
  1185 | D        | Noticed an orc wizard
  1190 | D        | Killed an orc priest
  1192 | D        | Killed an orc wizard
  1333 | D        | Noticed an orc knight
  1333 | D        | Noticed an orc warrior
  1333 | D        | Noticed an orc knight
  1333 | D        | Noticed an orc warrior
  1333 | D        | Noticed an orc warrior
  1333 | D        | Noticed an orc knight
  1335 | D        | Noticed an orc knight
  1339 | D        | Killed an orc knight
  1339 | D        | Reached skill level 14 in Armour
  1342 | D        | Killed an orc warrior
  1342 | D        | Reached skill level 10 in Invocations
  1343 | D        | Noticed an orc priest
  1344 | D        | Noticed an orc sorcerer
  1346 | D        | Killed an orc warrior
  1349 | D        | Noticed an ice devil
  1350 | D        | Killed an orc knight
  1351 | D        | Noticed an orc warrior
  1359 | D        | Killed an orc knight
  1360 | D        | Noticed an orc warrior
  1371 | D        | Killed an orc knight
  1372 | D        | Noticed an orc warrior
  1380 | D        | Killed an ice devil
  1383 | D        | Killed an orc sorcerer
  1388 | D        | Killed an orc warrior
  1391 | D        | Killed an orc warrior
  1395 | D        | Killed an orc warrior
  1398 | D        | Killed an orc priest
  1403 | D        | Killed an orc warrior
  1550 | D        | Found Jaxzoi's Armour Boutique.
  1550 | D        | Noticed an orc wizard
  1550 | D        | Noticed an orc wizard
  1550 | D        | Noticed an orc sorcerer
  1550 | D        | Noticed an orc wizard
  1550 | D        | Noticed an orc sorcerer
  1552 | D        | Noticed an orc wizard
  1554 | D        | Noticed an orc sorcerer
  1555 | D        | Killed an orc sorcerer
  1559 | D        | Killed an orc sorcerer
  1560 | D        | Found Eblice's Magic Scroll Shop.
  1561 | D        | Killed an orc wizard
  1563 | D        | Killed an orc wizard
  1567 | D        | Killed an orc wizard
  1568 | D        | Found Zywkon's Magic Scroll Boutique.
  1572 | D        | Killed an orc sorcerer
  1573 | D        | Killed an orc wizard
  1574 | D        | Noticed an orc sorcerer
  1575 | D        | Found Giablap's Gadget Shop.
  1576 | D        | Noticed an orc sorcerer
  1576 | D        | Noticed an orc sorcerer
  1577 | D        | Noticed an orc wizard
  1580 | D        | Noticed an orc wizard
  1581 | D        | Killed an orc sorcerer
  1581 | D        | Received a gift from Okawaru
  1581 | D        | Reached skill level 15 in Armour
  1581 | D        | Reached skill level 15 in Shields
  1581 | D        | Paralysed by an orc sorcerer for 2 turns
  1584 | D        | Noticed an orc wizard
  1587 | D        | Killed an orc sorcerer
  1591 | D        | Killed an orc sorcerer
  1591 | D        | Received a gift from Okawaru
  1591 | D        | Reached XP level 12. HP: 80/80 MP: 14/20
  1592 | D        | Got a distressingly furry cloak {god gift}
  1594 | D        | Killed an orc wizard
  1596 | D        | Killed an orc wizard
  1599 | D        | Killed an orc wizard
  1618 | D        | Identified the -2 cloak "Ennilafe" {rPois MR+ Dex-2} (Okawaru gifted it to you in the Dungeon)
  1634 | D        | Bought a scroll of enchant armour for 105 gold pieces
  1640 | D        | Bought a scroll of enchant weapon for 97 gold pieces
  1640 | D        | Bought a scroll of enchant armour for 97 gold pieces
  1640 | D        | Bought a scroll of enchant weapon for 97 gold pieces
  2001 | D        | Noticed a two-headed ogre
  2001 | D        | Noticed a shadow
  2001 | D        | Noticed an eight-headed hydra
  2001 | D        | Noticed an orc warrior
  2001 | D        | Noticed an ogre mage
  2012 | D        | Killed an ogre mage
  2016 | D        | Killed an eight-headed hydra
  2018 | D        | Killed an orc warrior
  2025 | D        | Killed a shadow
  2026 | D        | Noticed a soldier ant
  2029 | D        | Noticed a sky beast
  2029 | D        | Killed a two-headed ogre
  2035 | D        | Killed a soldier ant
  2038 | D        | Killed a sky beast
  2039 | D        | Noticed a red ugly thing
  2040 | D        | Noticed an ice dragon
  2041 | D        | Noticed a green ugly thing
  2042 | D        | Noticed a cyan very ugly thing
  2043 | D        | Noticed a fire giant
  2046 | D        | Noticed a white ugly thing
  2047 | D        | Killed a red ugly thing
  2048 | D        | Noticed a deep troll earth mage
  2054 | D        | Killed a cyan very ugly thing
  2067 | D        | Killed an ice dragon
  2074 | D        | Killed a green ugly thing
  2074 | D        | Reached skill level 16 in Shields
  2078 | D        | Killed a fire giant
  2086 | D        | Killed a white ugly thing
  2089 | D        | Killed a deep troll earth mage
  2089 | D        | Reached skill level 15 in Maces & Flails
  2119 | D        | Gained mutation: You are frail (-10% HP). [mutagenic meat]
  2120 | D        | Gained mutation: Scrolls take you a little longer to read. [mutagenic meat]
  2121 | D        | Gained mutation: You are partially covered in rough black scales (AC +4, Dex -1). [mutagenic meat]
  2122 | D        | Gained mutation: You have an increased reservoir of magic (+10% MP). [mutagenic meat]
  2123 | D        | Gained mutation: Scrolls take you longer to read. [mutagenic meat]
  2125 | D        | Lost mutation: You are frail (-10% HP). [mutagenic meat]
  2126 | D        | Gained mutation: You are frail (-10% HP). [mutagenic meat]
  2128 | D        | Gained mutation: You are weak. (Str -2) [mutagenic meat]
  2129 | D        | Gained mutation: Your body sometimes deteriorates upon taking damage. [mutagenic meat]
  2130 | D        | Lost mutation: You are frail (-10% HP). [mutagenic meat]
  2204 | D        | Noticed Frederick
  2218 | D        | Killed Frederick
  2218 | D        | Reached XP level 13. HP: 54/87 MP: 21/24
  2288 | D        | Noticed an entropy weaver
  2288 | D        | Noticed a redback
  2288 | D        | Noticed a tarantella
  2288 | D        | Noticed a jumping spider
  2311 | D        | Killed a ghost moth
  2311 | D        | Reached skill level 17 in Armour
  2311 | D        | Reached skill level 10 in Dodging
  2312 | D        | Noticed an entropy weaver
  2313 | D        | Killed a tarantella
  2313 | D        | Received a gift from Okawaru
  2315 | D        | Killed a redback
  2320 | D        | Killed an entropy weaver
  2329 | D        | Killed a jumping spider
  2330 | D        | Noticed a wasp
  2331 | D        | Noticed a demonic crawler
  2375 | D        | Killed an entropy weaver
  2380 | D        | Killed a wasp
  2403 | D        | Killed a demonic crawler
  2418 | D        | Gained mutation: You have sharp fingernails. [mutagenic meat]
  2420 | D        | Gained mutation: Your flesh is cold resistant. [mutagenic meat]
  2432 | D        | Noticed a trapdoor spider
  2437 | D        | Killed a trapdoor spider
  2566 | D        | Noticed a spiny frog
  2566 | D        | Noticed a spriggan druid
  2566 | D        | Noticed a five-headed hydra
  2566 | D        | Noticed a five-headed hydra
  2566 | D        | Noticed a spriggan druid
  2566 | D        | Noticed a komodo dragon
  2567 | D        | Noticed a four-headed hydra
  2571 | D        | Killed a komodo dragon
  2574 | D        | Killed a spriggan druid
  2575 | D        | Noticed a ghost crab
  2579 | D        | Noticed a wasp
  2579 | D        | Killed a five-headed hydra
  2581 | D        | Killed a spriggan druid
  2582 | D        | Killed a five-headed hydra
  2584 | D        | Killed a four-headed hydra
  2586 | D        | Killed a spiny frog
  2590 | D        | Killed a wasp
  2591 | D        | Killed a ghost crab
  2789 | D        | Noticed a naga
  2789 | D        | Noticed a naga mage
  2789 | D        | Noticed a naga sharpshooter
  2789 | D        | Noticed a black mamba
  2789 | D        | Noticed a naga ritualist
  2790 | D        | Noticed a guardian serpent
  2792 | D        | Noticed a naga mage
  2794 | D        | Noticed a greater naga
  2796 | D        | Killed a naga ritualist
  2798 | D        | Killed a naga mage
  2801 | D        | Killed a black mamba
  2801 | D        | Received a gift from Okawaru
  2804 | D        | Killed a naga mage
  2813 | D        | Killed a naga sharpshooter
  2817 | D        | Killed a naga
  2827 | D        | Killed a greater naga
  2827 | D        | Reached skill level 18 in Armour
  2830 | D        | Killed a guardian serpent
  2891 | D        | Noticed a harpy
  2891 | D        | Noticed a snapping turtle
  2891 | D        | Noticed a harpy
  2891 | D        | Noticed a snapping turtle
  2891 | D        | Noticed a merfolk
  2892 | D        | Noticed a sea snake
  2899 | D        | Killed a merfolk
  2900 | D        | Noticed a satyr
  2901 | D        | Noticed a harpy
  2905 | D        | Killed a snapping turtle
  2908 | D        | Killed a harpy
  2915 | D        | Killed a snapping turtle
  2917 | D        | Killed a harpy
  2928 | D        | Killed a sea snake
  2932 | D        | Killed a satyr
  2936 | D        | Killed a harpy
  3032 | D        | Noticed a black mamba
  3039 | D        | Killed a black mamba
  3083 | D        | Noticed a red very ugly thing
  3083 | D        | Noticed a cyan very ugly thing
  3083 | D        | Noticed an ettin
  3083 | D        | Noticed a vampire mage
  3083 | D        | Noticed a fire dragon
  3088 | D        | Noticed a fire dragon
  3089 | D        | Killed a fire dragon
  3099 | D        | Noticed a spriggan berserker
  3101 | D        | Killed a vampire mage
  3102 | D        | Noticed an entropy weaver
  3104 | D        | Noticed a frost giant
  3105 | D        | Killed a red very ugly thing
  3105 | D        | Gained mutation: Your large and strong wings let you fly indefinitely. [Gargoyle growth]
  3105 | D        | Reached XP level 14. HP: 70/96 MP: 19/26
  3113 | D        | Noticed an entropy weaver
  3114 | D        | Killed a white very ugly thing
  3118 | D        | Killed an ettin
  3118 | D        | Received a gift from Okawaru
  3195 | D        | Killed a fire dragon
  3213 | D        | Killed a spriggan berserker
  3229 | D        | Killed a frost giant
  3229 | D        | Reached skill level 19 in Armour
  3235 | D        | Slain by an entropy weaver

Vault maps used:
D:        linesprint

Action                   |  1- 3 |  4- 6 |  7- 9 | 10-12 | 13-15 || total
-------------------------+-------+-------+-------+-------+-------++-------
Melee: Flail             |    29 |       |       |       |       ||    29
       Morningstar       |    18 |    22 |    81 |   293 |       ||   414
       Unarmed           |       |       |       |     8 |       ||     8
       Eveningstar       |       |       |       |       |   283 ||   283
Throw: Tomahawk          |       |       |       |    12 |       ||    12
Invok: Heroism           |       |     2 |     2 |     7 |     7 ||    18
       Finesse           |       |       |     1 |     7 |     6 ||    14
Evoke: Wand              |     2 |       |       |       |       ||     2
  Use: Potion            |     1 |       |       |     1 |     6 ||     8
       Scroll            |       |       |     2 |     4 |     4 ||    10
  Eat: Bread ration      |       |     1 |       |     1 |       ||     2
       Chunk             |       |     2 |     1 |    16 |     9 ||    28
